 Dungeon Crawl Stone Soup version 0.21-a0-110-g8e1637b (webtiles) character file.

134 nikopol the Magician (level 4, -3/24 HPs)
             Began as a Deep Elf Fire Elementalist on July 7, 2017.
             Killed from afar by an orc wizard (6 damage)
             ... with a magic dart
             ... on level 3 of the Dungeon.
             The game lasted 00:08:29 (2550 turns).

nikopol the Magician (Deep Elf Fire Elementalist)   Turns: 2550, Time: 00:08:30

Health: -3/24      AC:  2    Str:  5    XL:     4   Next: 95%
Magic:  4/13       EV: 13    Int: 21    God:
Gold:   253        SH:  0    Dex: 15    Spells: 7/13 levels left

rFire    . . .     SeeInvis .   j - +0 dagger
rCold    . . .     Gourm    .   (no shield)
rNeg     . . .     Faith    .   a - +0 robe
rPois    .         Spirit   .   (no helmet)
rElec    .         Reflect  .   (no cloak)
rCorr    +         Harm     .   (no gloves)
MR       .....                  (no boots)
Stlth    ++........             (no amulet)
HPRegen  0.08/turn              i - ring of resist corrosion
MPRegen  0.13/turn              (no ring)

@: very slightly contaminated
A: no striking features
a: no special abilities


You were on level 3 of the Dungeon.
You were hungry.

You visited 1 branch of the dungeon, and saw 3 of its levels.

You collected 253 gold pieces.

Inventory:

Hand Weapons
 j - a +0 dagger (weapon)
Armour
 a - a +0 robe (worn)
Jewellery
 i - a ring of resist corrosion (left hand)
 s - an uncursed ring of protection from fire {unknown}
Wands
 u - a wand of iceblast (8/15)
Scrolls
 h - a scroll of noise {unknown}
 l - 2 scrolls of blinking {unknown}
 m - a scroll of amnesia {unknown}
 o - 2 scrolls of identify {unknown}
 t - a scroll of recharging {unknown}
Potions
 e - a potion of agility {unknown}
 f - 2 potions of curing {unknown}
 g - a potion of invisibility {unknown}
 n - a potion of flight {unknown}
 p - a potion of mutation {unknown}
 r - a potion of heal wounds {unknown}
Books
 b - a book of Flames

   Spells                             Type                      Level
   a - Flame Tongue                   Conjuration/Fire             1
   b - Throw Flame                    Conjuration/Fire             2
   c - Conjure Flame                  Conjuration/Fire             3
   d - Inner Flame                    Hexes/Fire                   3
   e - Sticky Flame                   Conjuration/Fire             4
   f - Fireball                       Conjuration/Fire             5
 q - a book of Misfortune

   Spells                             Type                      Level
   a - Confusing Touch                Hexes                        1
   b - Confuse                        Hexes                        3
   c - Gell's Gravitas                Translocation                3
   d - Petrify                        Transmutation/Earth          4
   e - Metabolic Englaciation         Hexes/Ice                    5
   f - Yara's Violent Unravelling     Hexes/Transmutation          5
Comestibles
 c - 4 bread rations
 d - a royal jelly
 k - 6 fruits


   Skills:
 + Level 2.8 Dodging
 + Level 3.3 Stealth
 + Level 5.1 Spellcasting
 + Level 1.9 Conjurations
 + Level 4.1 Fire Magic


You had 7 spell levels left.
You knew the following spells:

 Your Spells              Type           Power        Failure   Level  Hunger
a - Flame Tongue          Conj/Fire      ###..        3%          1    None
b - Throw Flame           Conj/Fire      ###...       4%          2    None
c - Conjure Flame         Conj/Fire      ###.....     9%          3    ##.....


Dungeon Overview and Level Annotations

Branches:
Dungeon (3/15)

Altars:
Gozag


Message History

The orc wizard gestures at you while chanting.
You are confused.
You're too confused to cast spells.
You're too confused!
Unknown command.
The orc wizard gestures at you while chanting.
The puff of flame hits you!
* * * LOW HITPOINT WARNING * * *
You feel less confused.
Casting: Flame Tongue
Confirm with . or Enter, or press ? or * to list all spells.
Aiming: Flame Tongue
Press: ? - help, Shift-Dir - straight line, f/p - orc wizard
Aim: an orc wizard, wielding a dagger and wearing a robe (almost dead)
You miscast Flame Tongue.
You are very lightly contaminated with residual magic.
Nothing appears to happen.
The orc wizard points at you and mumbles some strange words.
The magic dart hits you!
You die...

#...........
########.########..
#..........# #..
#.#.######.# ##..
######o#.# #.#
##... oo.oo.S#.#
#.# #.... #o.# #.#
#...# #.## #.#
#...# #@# #.# #...#
#.# #.####...# #.#
####..>.....# #.#
##...#####..##
...###.###.# #..#
#........#.# #....
##.###.#.#.# ##.##
#.####...######)#
#.....(.........#


You could see an orc wizard, an adder and an orc.

Vanquished Creatures
  4 adders (D:2)
  3 oozes
  3 worms
  2 dart slugs (D:1)
  4 leopard geckos
  7 bats
  7 goblins
  8 hobgoblins
  10 jackals
  A quokka (D:2)
  A ball python (D:2)
  3 frilled lizards (D:2)
  6 kobolds
  9 rats
68 creatures vanquished.

Notes
Turn   | Place    | Note
-------+----------+-------------------------------------------
     0 | D:1      | nikopol the Deep Elf Fire Elementalist began the quest for the Orb.
     0 | D:1      | Reached XP level 1. HP: 10/10 MP: 6/6
    25 | D:1      | Reached XP level 2. HP: 15/15 MP: 1/8
    29 | D:1      | Learned a level 2 spell: Throw Flame
   496 | D:1      | Reached XP level 3. HP: 19/19 MP: 8/10
   520 | D:1      | Reached skill level 4 in Spellcasting
   753 | D:1      | Learned a level 3 spell: Conjure Flame
  1228 | D:2      | Found an opulent altar of Gozag.
  1336 | D:2      | Reached XP level 4. HP: 15/24 MP: 0/12
  2105 | D:2      | Reached skill level 5 in Spellcasting
  2550 | D:3      | Killed from afar by an orc wizard

Vault maps used:
D:1:      dpeg_arrival_refuge
D:2:      lemuel_round_altar
D:3:      lemuel_blue_sif_altar

Skill      XL: |  1  2  3  4 |
---------------+-------------+-----
Spellcasting   | 4 5 |  5.1
Stealth        | 3 |  3.3
Fire Magic     | 4 |  4.1
Dodging        | |  2.8
Conjurations   | |  1.9

Action                   |  1- 3 |  4- 6 || total
-------------------------+-------+-------++-------
 Cast: Flame Tongue      |    81 |    55 ||   136
       Conjure Flame     |       |     2 ||     2
  Eat: Chunk             |     1 |     3 ||     4
Armor: Robe              |     3 |     1 ||     4
Dodge: Dodged            |    19 |     4 ||    23
